 Dungeon Crawl Stone Soup version 0.28-a0-1447-ga5a8893891 (webtiles) character file.

Game seed: 7421386336620961297

569 enile the Firebug (level 7, -3/41 HPs)
             Began as a Tengu Cinder Acolyte on Jan 11, 2022.
             Was a Follower of Ignis.
             Slain by a wyvern zombie (12 damage)
             ... on level 5 of the Dungeon.
             The game lasted 00:12:38 (7880 turns).

enile the Firebug (Tengu Cinder Acolyte)            Turns: 7880, Time: 00:12:39

Health: -3/41      AC:  6    Str: 14    XL:     7   Next: 33%
Magic:  9/12       EV: 14    Int: 17    God:    Ignis [*.....]
Gold:   196        SH:  3    Dex:  9    Spells: 6/12 levels left

rFire   + . .      SeeInvis .   a - -1 hand axe (flame)
rCold   . . .      Faith    .   g - +0 buckler
rNeg    . . .      Spirit   .   b - +0 robe
rPois   .          Reflect  .   (helmet restricted)
rElec   .          Harm     +   s - scarf {harm}
rCorr   .          Rampage  .   (no gloves)
Will    .....                   (boots unavailable)
Stlth   ++........              (no amulet)
HPRegen 0.13/turn               o - +4 ring of protection
MPRegen 0.13/turn               (no ring)

@: flying quickly and evasively, quick
A: beak, talons 3, nimble flight
a: Renounce Religion, Fiery Armour, Foxfire Swarm


You were on level 5 of the Dungeon.
You worshipped Ignis.
Ignis was aware of your devotion.
You visited 1 branch of the dungeon, and saw 5 of its levels.
You also visited: Sewer.

You collected 196 gold pieces.

Inventory:

Hand Weapons
 a - a -1 hand axe of flaming (weapon)
 f - a +0 dagger of protection
 i - a +0 scythe
Missiles
 m - 27 poisoned darts (quivered)
Armour
 b - a +0 robe (worn)
 g - a +0 buckler (worn)
 s - a scarf of harm (worn)
Jewellery
 o - a +4 ring of protection (left hand)
Wands
 c - a wand of flame (14)
Scrolls
 d - a scroll of blinking {unknown}
 e - 2 scrolls of fog
 l - 6 scrolls of teleportation {unknown}
 n - 5 scrolls of identify {unknown}
 r - a scroll of vulnerability {unknown}
 t - a scroll of enchant armour {unknown}
 w - 2 scrolls of fear {unknown}
Potions
 h - 3 potions of degeneration {unknown}
 j - 2 potions of flight {unknown}
 k - 2 potions of curing {unknown}
 p - 2 potions of haste
 q - a potion of heal wounds {unknown}
 u - a potion of resistance {unknown}
 v - a potion of attraction {unknown}
 x - a potion of ambrosia {unknown}


   Skills:
 - Level 3.1 Fighting
 - Level 3.4 Axes
 - Level 0.1 Armour
 + Level 2.7 Dodging
 - Level 2.0 Stealth
 - Level 2.0 Shields
 - Level 3.0 Spellcasting
 - Level 1.0 Hexes
 - Level 5.0 Fire Magic
 - Level 3.0 Ice Magic


You had 6 spell levels left.
You knew the following spells:

 Your Spells              Type           Power      Damage    Failure   Level
a - Scorch                Fire           38%        2d7       4%          2
b - Ensorcelled Hibernat  Hex/Ice        18%        N/A       16%         2
c - Passwall              Tmut/Erth      1%         N/A       34%         2

Your spell library contained the following spells:

 Spells                   Type           Power      Damage    Failure   Level
 Swiftness                Air            2%         N/A       56%         3


Dungeon Overview and Level Annotations

Branches:
Dungeon (5/15)             Temple (0/1) D:5           Sewer (visited)

Altars:
Kikubaaqudgha

Annotations:
D:4 Edmund


Innate Abilities, Weirdness & Mutations

You have a beak for a mouth.
You have claws for feet.
Your magical nature lets you fly swiftly and evasively.


Message History

A hound zombie is nearby!
A hound zombie is nearby!
Casting: Scorch (safe; 4% risk of failure)
Confirm with . or Enter, or press ? or * to list all spells.
Flames lash the hound zombie.
The hound zombie is moderately damaged.
The hound zombie's fire resistance burns away.
The hound zombie bites you.
Casting: Scorch (safe; 4% risk of failure)
Confirm with . or Enter, or press ? or * to list all spells.
Flames lash the hound zombie.
The hound zombie is burned terribly!
You destroy the hound zombie!
A wyvern zombie is nearby!
A wyvern zombie is nearby!
A wyvern zombie is nearby!
A wyvern zombie is nearby!
A wyvern zombie is nearby!
A wyvern zombie is nearby!
A wyvern zombie is nearby!
Casting: Scorch (safe; 4% risk of failure)
Confirm with . or Enter, or press ? or * to list all spells.
Flames lash the wyvern zombie.
The wyvern zombie is moderately damaged.
The wyvern zombie's fire resistance burns away.
You block the wyvern zombie's attack.
Casting: Scorch (safe; 4% risk of failure)
Confirm with . or Enter, or press ? or * to list all spells.
Flames lash the wyvern zombie.
The wyvern zombie is burned terribly!
The wyvern zombie is heavily damaged.
The wyvern zombie bites you! The wyvern zombie bites you!
* * * LOW HITPOINT WARNING * * *
The wyvern zombie bites you.
* * * LOW HITPOINT WARNING * * *
Okay, then.
Press: ? - help, v - describe, . - travel The floor.
The wyvern zombie is no longer more vulnerable to fire.
The wyvern zombie bites you!
You die...

#...####...##.#####.###..<#####..
.....# #...##.....#.#.........#.#
.....# #.....####.#....[..).....#
.....# ###...# #..............##
###### #...####.#.Z..........#
####..(##...............#
.......................#
#.......####...#.####.# #......@#
#...#.# #.# #..)...Z# ###)..# #.#
#.))..#.# ##..####.## #..###.#.##
#.....#... #. #....# #..##.#..#
###..#######....#..#
#.....#..........#
##.......#.#.#.###
##....###.#.#.#


You could see a wyvern zombie.

Vanquished Creatures
  An ogre (D:5)
  2 jellies (D:5)
  2 orc priests (D:5)
  A gnoll shaman (D:2)
  A hound (D:5)
  Jessica (D:2)
  An iguana (D:5)
  A hound zombie (D:5)
  Robin (D:3)
  7 adders
  A gnoll (D:4)
  A white imp (D:4)
  3 worms
  3 dart slugs
  4 orcs (D:5)
  6 bats
  7 endoplasms
  4 giant cockroaches
  13 goblins
  14 hobgoblins
  3 jackals (D:2)
  21 kobolds
  4 quokkas
  4 ball pythons
  6 frilled lizards
  13 rats
125 creatures vanquished.

Vanquished Creatures (collateral kills)
  A gnoll (D:4)
  An orc (D:4)
  A hobgoblin (D:4)
3 creatures vanquished.

Vanquished Creatures (others)
  59 foxfires
  A plant (Sewer)
60 creatures vanquished.

Grand Total: 188 creatures vanquished

Notes
Turn   | Place    | Note
-------+----------+-------------------------------------------
     0 | D:1      | enile the Tengu Cinder Acolyte began the quest for the Orb.
     0 | D:1      | Reached XP level 1. HP: 14/14 MP: 3/3
   157 | D:1      | Found a faded altar of an unknown god.
   702 | D:1      | Reached XP level 2. HP: 19/19 MP: 4/4
   706 | D:1      | Learned a level 2 spell: Scorch
  1510 | D:2      | Reached XP level 3. HP: 10/23 MP: 2/7
  1822 | D:2      | Reached skill level 4 in Fire Magic
  2033 | D:2      | Reached skill level 1 in Shields
  2327 | D:2      | Learned a level 2 spell: Ensorcelled Hibernation
  2401 | D:2      | Reached XP level 4. HP: 9/28 MP: 2/8
  2763 | D:2      | Noticed Jessica
  2768 | D:2      | Killed Jessica
  2832 | D:2      | Reached skill level 1 in Hexes
  2832 | D:2      | Reached skill level 1 in Ice Magic
  2832 | D:2      | Gained mutation: Your magical nature lets you fly swiftly
                  | and evasively. [Tengu growth]
  2832 | D:2      | Reached XP level 5. HP: 23/32 MP: 4/9
  3151 | D:2      | Found an ancient bone altar of Kikubaaqudgha.
  3990 | D:4      | Noticed Robin
  4227 | D:3      | Killed Robin
  4228 | D:3      | Reached skill level 1 in Dodging
  4487 | D:4      | Noticed Edmund
  6305 | D:4      | Learned a level 2 spell: Passwall
  6329 | D:5      | Entered Level 5 of the Dungeon
  6333 | D:5      | Reached XP level 6. HP: 37/37 MP: 5/10
  6629 | D:5      | Found a glowing drain.
  6721 | Sewer    | Entered a sewer
  6827 | Sewer    | Reached skill level 5 in Fire Magic
  7111 | Sewer    | Reached skill level 1 in Stealth
  7393 | D:5      | Reached XP level 7. HP: 39/41 MP: 7/12
  7595 | D:5      | Found a staircase to the Ecumenical Temple.
  7880 | D:5      | Slain by a wyvern zombie

Illustrated notes

Levels and vault maps discovered:
D:1:      dpeg_arrival_stonehenge_8_columns, layout_loops_corners,
          dreamdust_ecumenical_altar_statues
D:2:      minmay_door_path, layout_loops_ring, basic_altar,
          minmay_stone_trees_small, amcnicky_mini_pool_small, uniq_jessica
D:3:      layout_loops_ring, kennysheep_generic_room_12
D:4:      layout_loops_corners, hex_medium, chequers_serial_rivers_micro_d,
          sigmund_army, uniq_edmund, uniq_robin
D:5:      layout_rooms, minmay_temple_entry_proselytizer, gup_sewer_entry_glass

Skill      XL: |  1  2  3  4  5  6  7 |
---------------+----------------------+-----
Spellcasting   | 2 3 |  3.0
Fire Magic     | 4 5 |  5.0
Shields        | 1 2 |  2.0
Hexes          | 1 |  1.0
Ice Magic      | 1 3 |  3.0
Dodging        | 1 2 |  2.7
Stealth        | 1 2 |  2.0
Fighting       | |  3.1
Axes           | |  3.4
Armour         | |  0.1

Action                   |  1- 3 |  4- 6 |  7- 9 || total
-------------------------+-------+-------+-------++-------
Melee: Hand axe          |    34 |    52 |     1 ||    87
       Kick              |    10 |     9 |       ||    19
       Dagger            |     3 |       |       ||     3
       Peck              |     5 |     3 |       ||     8
Throw: Dart              |       |    11 |       ||    11
 Cast: Scorch            |    27 |    77 |    12 ||   116
       Ensorcelled Hiber |       |     9 |     1 ||    10
Invok: Fiery Armour      |     2 |     2 |       ||     4
       Foxfire Swarm     |     1 |     4 |       ||     5
       Rising Flame      |       |     1 |       ||     1
  Use: Scroll            |       |     4 |       ||     4
       Potion            |       |     1 |       ||     1
 Stab: Sleeping          |       |     2 |     1 ||     3
Armor: Robe              |     9 |    28 |       ||    37
Dodge: Dodged            |    25 |    69 |     1 ||    95
Block: Buckler           |     5 |    24 |     1 ||    30

Table legend: (Time is in decaauts)
 A = Elapsed time spent in this place.
 B = Non-inter-level travel time spent in this place.
 C = Inter-level travel time spent in this place.
 D = Time resting spent in this place.
 E = Time spent auto-exploring this place.
 F = Levels seen in this place.
 G = Mean time per level.
                   A        B        C        D        E       F      G
               +--------+--------+--------+--------+--------+-----+--------+
         Total |   7658 |   7520 |    138 |    662 |   5859 |   6 | 1276.3 |
       Dungeon |   7151 |   7013 |    138 |    662 |   5466 |   5 | 1430.2 |
         Sewer |    507 |    507 |      0 |      0 |    393 |   1 |  507.0 |
               +--------+--------+--------+--------+--------+-----+--------+

Top non-repeatable levels by time:
     D:2: 1778 daAuts
     D:1: 1499 daAuts
     D:3: 1463 daAuts
     D:4: 1415 daAuts
     D:5: 994 daAuts
   Sewer: 507 daAuts
